 Dungeon Crawl Stone Soup version 0.31.0-11-ge490571c62 (webtiles) character file.

Game seed: 17161127024901880354

28 Curundu the Scratcher (level 2, 0/14 HPs)
             Began as a Felid Shapeshifter on Jan 29, 2024.
             Frozen to death by an endoplasm (3 damage)
             ... on level 1 of the Dungeon.
             The game lasted 00:03:34 (963 turns).

Curundu the Scratcher (Felid Shapeshifter)           Turns: 963, Time: 00:03:35

Health: 0/14       AC:  1    Str: 10    XL:     2   Next: 96%
Magic:  3/3        EV: 17    Int: 13    God:
Gold:   36         SH:  0    Dex: 15    Spells: 1/1 levels left
                                        Lives:  0   Deaths: 1

rFire   . .          .
                       - Unarmed
rCold   . . .        (shield unavailable)
rNeg    . . .        (body armour unavailable)
rPois   .            (helmet unavailable)
rElec   .            (cloak unavailable)
rCorr   .            (gloves unavailable)
SInv    +            (boots unavailable)
Will    .....        (no amulet)
Stlth   +            (no ring)
HPRegen 0.22/turn    (no ring)
MPRegen 0.08/turn

%: no passive effects
@: no status effects
A: very small, claws 1, fangs 3, see invisible, shaggy fur 1, stealthy paws, no
weapons or thrown items, no armour, multi-lived
a: no special abilities


You were on level 1 of the Dungeon.
You visited 1 branch of the dungeon, and saw 2 of its levels.

You collected 36 gold pieces.

Inventory:

Talismans
 b - a beast talisman
 c - a flux talisman
Potions
 a - a potion of lignification
 e - 2 potions of invisibility {unknown}
 g - a potion of attraction {unknown}
 i - a potion of degeneration {unknown}


   Skills:
 + Level 1.0 Fighting
 + Level 2.9 Dodging
 + Level 3.7 Unarmed Combat
 + Level 3.0 Shapeshifting


You had one spell level left.
You didn't know any spells.
Your spell library was empty.

Dungeon Overview and Level Annotations

Branches:
Dungeon (2/15)

Altars:
Zin

Annotations:
D:2 Robin


Innate Abilities, Weirdness & Mutations

You have sharp claws.
You have razor-sharp teeth.
You have supernaturally acute eyesight. (SInv)
You are covered in fur. (AC +1)
Your paws help you pounce on unaware monsters.
You are incapable of wielding weapons or throwing items.
You cannot wear armour.
You gain extra lives every three experience levels.


Message History

You scratch the hobgoblin but do no damage.
The hobgoblin is severely wounded.
You scratch the hobgoblin.
You kill the hobgoblin!
The goblin completely misses you. The goblin misses you.
You scratch the goblin.
You kill the goblin!
The goblin closely misses you.
You claw the goblin!
You kill the goblin!
You climb downwards.
Level annotation: Robin Robin throws the goblin at you!
An endoplasm comes into view.
The goblin misses you.
There is a stone staircase leading up, spattered with blood here.
The endoplasm hits you. The goblin closely misses you.
The kobold throws a stone.
The stone hits you.
You climb upwards.
There is a stone staircase leading down here.
Things that are here:
a +0 dagger; the felid corpse of Curundu You scratch the goblin.
The goblin is heavily wounded.
The endoplasm closely misses you. The goblin hits you with a +0 dagger.
You completely miss the goblin.
The goblin is heavily wounded.
The endoplasm freezes you.
You are frozen.
The goblin misses you.
You barely miss the goblin.
The goblin is heavily wounded.
The endoplasm hits you.
* * * LOW HITPOINT WARNING * * *
The goblin completely misses you.
You scratch the endoplasm.
You bite the endoplasm, but do no damage.
The endoplasm is moderately wounded.
The endoplasm freezes you.
You are frozen.
You die...

.....#.###.÷....# #.......###.
###.#.#.##.###..# #.##.#....##
####.#.#.#.# #..# #.##.##.##).
....#...#..###..# #.##.##..###
...#.....#......# #.##.###....
.##........###.## #.##.# ##...
...#.#.#.......#### #.##.# #.#.
##.#.###.......†).####.##.# ##.##
##.#...........J@......##.###...#
##......#.#######g#######........
..........# #.# #####...#
♣♣♣♣♣♣♣...# #.# ##.## P..PP..♣..#
#.# #.## P..P...♣..# #^# #...
.PP...P♣..# #.# #### .P...PP♣.##
#.# # P.<.P..♣.# #.#


You could see an endoplasm and a goblin (strong).

Vanquished Creatures
  An endoplasm (D:1)
  2 giant cockroaches (D:1)
  6 goblins
  7 hobgoblins
  2 quokkas (D:1)
  A ball python (D:1)
  2 bats (D:1)
  A kobold (D:1)
  A rat (D:1)
23 creatures vanquished.

Notes
Turn   | Place    | Note
-------+----------+-------------------------------------------
     0 | D:1      | Curundu the Felid Shapeshifter began the quest for the Orb.
     0 | D:1      | Reached XP level 1. HP: 10/10 MP: 2/2
   332 | D:1      | Reached XP level 2. HP: 7/14 MP: 3/3
   795 | D:2      | Found a glowing silver altar of Zin.
   802 | D:2      | Noticed Robin
   815 | D:1      | Slain by a goblin
   815 | D:1      | Lost a life (0 lives remaining)
   963 | D:1      | Frozen to death by an endoplasm

Illustrated notes

Levels and vault maps discovered:
D:1:      scummos_arrival_checkerplants, layout_loops_ring, solitary_fountain,
          minmay_pentomino_s2
D:2:      layout_rooms, basic_altar, uniq_robin

Skill      XL: |  1  2 |
---------------+-------+-----
Shapeshifting  | 3 |  3.0
Fighting       | |  1.0
Dodging        | |  2.9
Unarmed Combat | |  3.7

Action                     || total
---------------------------++-------
  Melee: Unarmed           ||    60
         Bite              ||     5
         Punch             ||     1
Ability: Begin Untransform ||     1
    Use: Scroll            ||     3
 Armour: Skin              ||    28
  Dodge: Dodged            ||    76
